 Dungeon Crawl Stone Soup version 0.29.1-12-g30fa7ad0bf (webtiles) character file.

Game seed: 12264600036091501082

83 bubby the Grave Robber (level 4, 0/31 HPs)
             Began as a Mummy Necromancer on Jan 14, 2023.
             Slain by a phantom (2 damage)
             ... on level 3 of the Dungeon.
             The game lasted 00:07:28 (2267 turns).

bubby the Grave Robber (Mummy Necromancer)          Turns: 2267, Time: 00:07:28

Health: 0/31       AC:  3    Str: 11    XL:     4   Next: 22%
Magic:  9/9        EV: 12    Int: 22    God:
Gold:   116        SH:  0    Dex: 12    Spells: 6/10 levels left

rFire   . . .      SeeInvis .   b - +0 dagger
rCold   + . .      Faith    .   (no shield)
rNeg    + + +      Spirit   .   a - +0 robe
rPois   ∞          Reflect  .   (no helmet)
rElec   .          Harm     .   (no cloak)
rCorr   .          Rampage  .   c - +0 pair of gloves
Will    .....                   (no boots)
Stlth   ++........              (no amulet)
HPRegen 0.10/turn               h - +6 ring of intelligence
MPRegen 0.11/turn               j - ring of protection from fire

@: no status effects
A: cold resistance 1, negative energy resistance 3, torment resistance 2, heat
vulnerability 1, in touch with death 1, no potions
a: no special abilities


You were on level 3 of the Dungeon.
You visited 1 branch of the dungeon, and saw 3 of its levels.

You collected 116 gold pieces.

Inventory:

Hand Weapons
 b - a +0 dagger (weapon)
Armour
 a - a +0 robe (worn)
 c - a +0 pair of gloves (worn)
Jewellery
 d - a ring of ice
 h - a +6 ring of intelligence (left hand)
 j - a ring of protection from fire (right hand)
Scrolls
 e - a scroll of acquirement {unknown}
 f - a scroll of teleportation {unknown}
 g - a scroll of vulnerability {unknown}
 i - a scroll of enchant armour {unknown}
 k - a scroll of magic mapping {unknown}
 l - a scroll of poison {unknown}
 m - a scroll of identify {unknown}
 n - a scroll of noise {unknown}


   Skills:
 + Level 0.3 Fighting
 * Level 2.2 Dodging
 * Level 2.3 Stealth
 * Level 3.5 Spellcasting
 * Level 4.5 Necromancy


You had 6 spell levels left.
You knew the following spells:

 Your Spells              Type           Power      Damage    Failure   Level
a - Necrotise             Necr           100%       1d9       1%          1
b - Vampiric Draining     Necr           35%        2d8       5%          3

Your spell library contained the following spells:

 Spells                   Type           Power      Damage    Failure   Level
 Animate Dead             Necr           35%        N/A       19%         4
 Dazzling Flash           Conj/Hex       6%         N/A       34%         3
 Agony                    Necr           35%        N/A       45%         5
 Silence                  Hex/Air        1%         N/A       97%         5


Dungeon Overview and Level Annotations

Branches:
Dungeon (3/15)

Altars:


Innate Abilities, Weirdness & Mutations

You are immune to poison.
Your flesh is cold resistant. (rC+)
You are immune to negative energy. (rN+++)
You are immune to unholy pain and torment.
You are vulnerable to heat. (rF-)
You are in touch with the powers of death.
You do not drink.


Message History

Confirm with . or Enter, or press ? or * to list all spells.
Okay, then.
Casting: Necrotise (safe; 1% risk of failure)
Confirm with . or Enter, or press ? or * to list all spells.
You can't see any susceptible monsters within range! (Use Z to cast anyway.)
You closely miss the phantom.
The phantom is lightly damaged.
The phantom hits you but does no damage.
You closely miss the phantom.
The phantom is lightly damaged.
The phantom closely misses you.
You hit the phantom but do no damage.
The phantom is lightly damaged.
The phantom hits you.
The phantom blinks!
You blink.
You barely miss the phantom.
The phantom is lightly damaged.
The phantom hits you.
* * * LOW HITPOINT WARNING * * *
You hit the phantom but do no damage.
The phantom is lightly damaged.
The phantom hits you.
* * * LOW HITPOINT WARNING * * *
The phantom blinks!
You blink.
You miss the phantom.
The phantom is lightly damaged.
The phantom barely misses you.
You closely miss the phantom.
The phantom is lightly damaged.
The phantom hits you.
* * * LOW HITPOINT WARNING * * *
You hit the phantom.
The phantom is lightly damaged.
The phantom barely misses you.
You hit the phantom.
The phantom is moderately damaged.
The phantom closely misses you.
You hit the phantom.
The phantom is moderately damaged.
The phantom hits you.
You die...

..+....<....'........#
.##.........#.##...#.#
#.##.......##........#
##.##.....#######.####
##.##...## #.#
##.##+## #.# ##.###.#
#.# ##.##
#.#########W# #..#
##.........@.#
...###...##########
##.##.....#
...###...## ...####..#
.....##..# .........#
.....##.## ...####.#


You could see a phantom.

Vanquished Creatures
  4 adders
  A worm (D:2)
  4 ball pythons
  3 bats
  5 endoplasms
  A giant cockroach (D:2)
  2 goblins (D:1)
  4 hobgoblins
  4 kobolds
  6 frilled lizards
  6 rats
40 creatures vanquished.

Vanquished Creatures (collateral kills)
  A dart slug (D:2)
  2 frilled lizards (D:1)
3 creatures vanquished.

Grand Total: 43 creatures vanquished

Notes
Turn   | Place    | Note
-------+----------+-------------------------------------------
     0 | D:1      | bubby the Mummy Necromancer began the quest for the Orb.
     0 | D:1      | Reached XP level 1. HP: 13/13 MP: 4/4
   243 | D:1      | Found a faded altar of an unknown god.
   565 | D:1      | Reached XP level 2. HP: 15/19 MP: 0/5
  1309 | D:2      | Gained mutation: You are in touch with the powers of death.
                  | [Mummy growth]
  1309 | D:2      | Reached XP level 3. HP: 22/24 MP: 0/7
  1693 | D:2      | Learned a level 3 spell: Vampiric Draining
  1866 | D:2      | Reached XP level 4. HP: 20/30 MP: 2/9
  2093 | D:3      | Noticed a phantom
  2267 | D:3      | Slain by a phantom

Illustrated notes

Levels and vault maps discovered:
D:1:      amcnicky_arrival_underground_garden, layout_loops_ring,
          hellmonk_ecumenical_altar_run_dry, kennysheep_pointless_box,
          minmay_lizard_pond
D:2:      layout_rooms
D:3:      layout_loops_corners, worldfamousw_hep_ancestral_shrine, uniq_jessica

Skill      XL: |  1  2 |
---------------+-------+-----
Spellcasting   | 3 |  3.5
Stealth        | 2 |  2.3
Dodging        | 2 |  2.2
Fighting       | |  0.3
Necromancy     | |  4.5

Action                   |  1- 3 |  4- 6 || total
-------------------------+-------+-------++-------
Melee: Dagger            |     9 |    20 ||    29
 Cast: Necrotise         |    62 |     3 ||    65
Armor: Robe              |     8 |     3 ||    11
Dodge: Dodged            |    21 |     9 ||    30
